 Dungeon Crawl Stone Soup version 0.31.0-2-g5a2aebc5c2 (webtiles) character file.

Game seed: 17038122164241346714

48 Mahakala the Cudgeller (level 3, 24/24 HPs)
             Began as a Gargoyle Monk on Jan 19, 2024.
             Quit the game on level 3 of the Dungeon on Jan 21, 2024.
             The game lasted 00:05:18 (1511 turns).

Mahakala the Cudgeller (Gargoyle Monk)              Turns: 1511, Time: 00:05:19

Health: 24/24      AC:  9    Str: 16    XL:     3   Next: 72%
Magic:  3/3        EV: 10    Int: 10    God:
Gold:   70         SH:  0    Dex: 12    Spells: 2/2 levels left

rFire   . . .        a - +0 mace
rCold   + . .        q - orb {light}
rNeg    + . .        u - +0 scale mail
rPois   ∞            (no helmet)
rElec   +            k - scarf {repulsion}
rCorr   .            (no gloves)
SInv    .            (no boots)
Will    .....        (no amulet) Stlth
                     j - ring of protection from cold
HPRegen 0.24/turn    (no ring)
MPRegen 0.08/turn

%: repel missiles
@: glowing
A: sickness immunity, AC +3, negative energy resistance 1, electricity
resistance, torment resistance 1, petrification resistance
a: no special abilities


You were on level 3 of the Dungeon.
You visited 1 branch of the dungeon, and saw 3 of its levels.

You collected 70 gold pieces.

Inventory:

Hand Weapons
 a - a +0 mace (weapon)
Missiles
 m - 5 boomerangs (quivered)
 n - 2 poisoned darts
 t - 3 darts of dispersal
Armour
 g - a +0 ring mail
 k - a scarf of repulsion (worn)
 q - an orb of light (worn)
 u - a +0 scale mail (worn)
Jewellery
 j - a ring of protection from cold (left hand)
 v - a ring of fire
Wands
 c - a wand of mindburst (12)
 d - a wand of iceblast (11)
Scrolls
 b - 2 scrolls of enchant armour {unknown}
 e - 2 scrolls of identify {unknown}
 h - a scroll of enchant weapon {unknown}
 p - 3 scrolls of noise {unknown}
 x - a scroll of butterflies {unknown}
 y - a scroll of teleportation {unknown}
Potions
 f - 3 potions of heal wounds {unknown}
 i - a potion of invisibility {unknown}
 l - a potion of magic {unknown}
 o - a potion of attraction {unknown}
 r - a potion of curing {unknown}
 s - a potion of brilliance {unknown}
 w - 2 potions of ambrosia
 z - a potion of berserk rage {unknown}


   Skills:
 + Level 3.7 Fighting
 * Level 3.9 Maces & Flails
 + Level 1.4 Armour
 - Level 2.4 Dodging


You had 2 spell levels left.
You didn't know any spells.
Your spell library was empty.

Dungeon Overview and Level Annotations

Branches:
Dungeon (3/15)

Altars:


Innate Abilities, Weirdness & Mutations

You are immune to sickness and miasma.
Your stone body is resilient. (AC +3)
You are immune to poison.
You resist negative energy. (rN+)
You are resistant to electric shocks. (rElec)
You are resistant to unholy torment.
You are immune to petrification.


Message History

The hobgoblin barely misses you.
You hit the hobgoblin.
You kill the hobgoblin!
Found a ring mail.
Found a faded altar of an unknown god.
Found a ring mail.
z - a lumpy black potion An adder comes into view.
The adder hisses angrily.
The adder bites you but does no damage.
You closely miss the adder. The adder barely misses you.
You hit the adder.
The adder is severely wounded.
The adder bites you but does no damage. The adder barely misses you.
You barely miss the adder.
The adder is severely wounded.
The adder bites you. The adder bites you but does no damage.
You hit the adder.
You kill the adder!
You open the door.
Found a robe.
There is an open door here.
You open the door.
There is an open door here.
b - 2 scrolls labelled HINGIO SIENKEANAI (gained 1) Done exploring.
Done exploring.
Done exploring.
There is a fountain of clear blue water here.
You see here a +0 ring mail.
There is a stone staircase leading down here.
You climb downwards.
Found a scroll labelled HINGIO SIENKEANAI.
Found a stone staircase leading up.
There is a stone staircase leading up here.
Unknown command.
Options error: Unknown explore stop condition 'gates' (Mahakala.rc:79) Welcome back, Mahakala the Gargoyle Monk.
Press ? for a list of commands and other information.
Are you sure you want to abandon this character and quit the game? (Confirm with "yes".)

# .# .##
###..####
#........
##........
#.@..<....
...............
?..########.###
. #


There were no monsters in sight!

Vanquished Creatures
  2 adders (D:2)
  2 ribbon worms (D:2)
  A dart slug (D:2)
  3 ball pythons
  3 bats
  An endoplasm (D:1)
  A giant cockroach (D:1)
  2 hobgoblins
  2 quokkas
  A frilled lizard (D:1)
  2 goblins
  2 kobolds (D:2)
  5 rats
27 creatures vanquished.

Notes
Turn   | Place    | Note
-------+----------+-------------------------------------------
     0 | D:1      | Mahakala the Gargoyle Monk began the quest for the Orb.
     0 | D:1      | Reached XP level 1. HP: 14/14 MP: 1/1
   453 | D:1      | Reached XP level 2. HP: 19/19 MP: 2/2
   985 | D:2      | Reached skill level 1 in Armour
  1012 | D:2      | Reached XP level 3. HP: 23/23 MP: 3/3
  1346 | D:2      | Found a faded altar of an unknown god.
  1511 | D:3      | Upgraded the game from 0.31-b1-22-gc680215f68 to
                  | 0.31.0-2-g5a2aebc5c2
  1511 | D:3      | Quit the game

Illustrated notes

Levels and vault maps discovered:
D:1:      dpeg_arrival_boxorama, layout_basic, serial_corexii_hall,
          corexii_hall_statues_x, chequers_hall_statues_corner_a
D:2:      layout_basic, shapermc_ecumenical_altar_mp_ritualfount
D:3:      layout_rooms, grunt_temple_overflow_open, serial_shops, shop_statue,
          uniq_crazy_yiuf_cottage

Skill      XL: |  1  2 |
---------------+-------+-----
Armour         | 1 |  1.4
Fighting       | |  3.7
Maces & Flails | |  3.9
Dodging        | |  2.4

Action                     || total
---------------------------++-------
  Melee: Mace              ||    76
 Armour: Ring mail         ||    31
         Scale mail        ||     7
  Dodge: Dodged            ||    61
         Repelled          ||     2
